 Dungeon Crawl Stone Soup version 0.17-a0-1711-gc5340a3 (webtiles) character file.

334 kae the Firebug (level 6, 0/32 HPs)
             Began as a Tengu Fire Elementalist on Aug 22, 2015.
             Slain by an orc priest
             ... wielding a +0 falchion
              (1 damage)
             ... on level 4 of the Dungeon.
             The game lasted 00:04:34 (2801 turns).

kae the Firebug (Tengu Fire Elementalist)           Turns: 2801, Time: 00:04:34

Health: 0/32       AC:  7    Str:  8    XL:     6   Next: 53%
Magic:  0/10       EV: 12    Int: 18    God:
Gold:   179        SH:  0    Dex: 14    Spells: 3 memorised, 3 levels left

rFire  . . .     SeeInvis +     d - +2 short sword (elec)
rCold  . . .     Clarity  .     a - +0 robe
rNeg   . . .     SustAt   .     (no shield)
rPois  .         Gourm    .     (helmet restricted)
rElec  .         Spirit   .     (no cloak)
rCorr  .         Warding  .     l - +0 pair of gloves
rMut   .         Stasis   .     (boots unavailable)
MR     .....                    (no amulet)
Stlth  ++........               v - +4 ring of protection
                                p - ring of see invisible

@: very slightly contaminated, not resistant to hostile enchantments, unstealthy
A: beak, talons 3, able to fly 1
a: Fly


You were on level 4 of the Dungeon.
You were not hungry.

You visited 1 branch of the dungeon, and saw 4 of its levels.

You collected 179 gold pieces.

Inventory:

Hand weapons
 d - a +2 short sword of electrocution (weapon)
Armour
 a - a +0 robe (worn)
 l - a +0 pair of gloves (worn)
Jewellery
 p - a ring of see invisible (left hand)
 v - a +4 ring of protection (right hand)
Scrolls
 j - 2 scrolls of remove curse
 q - 2 scrolls of identify
Potions
 g - a potion of heal wounds {unknown}
 k - a potion of might {unknown}
 o - a potion of invisibility {unknown}
Books
 b - a book of Flames

   Spells                             Type                      Level
   a - Flame Tongue                   Conjuration/Fire             1
   b - Throw Flame                    Conjuration/Fire             2
   c - Conjure Flame                  Conjuration/Fire             3
   d - Inner Flame                    Hexes/Fire                   3
   e - Sticky Flame                   Conjuration/Fire             4
   f - Fireball                       Conjuration/Fire             5
Comestibles
 c - 3 bread rations
 h - a royal jelly
 i - a meat ration
 m - a chunk of flesh
 n - a beef jerky
 r - a slice of pizza


   Skills:
 - Level 2.1 Dodging
 - Level 2.0 Stealth
 - Level 2.0 Spellcasting
 - Level 1.3 Conjurations
 + Level 7.8 Fire Magic


You had 3 spell levels left.
You knew the following spells:

 Your Spells              Type           Power        Failure   Level  Hunger
a - Flame Tongue          Conj/Fire      ###..        2%          1    #......
b - Throw Flame           Conj/Fire      ###...       4%          2    ###....
c - Conjure Flame         Conj/Fire      ###.....     10%         3    ###....


Dungeon Overview and Level Annotations

Branches:
Dungeon (4/15)
 Temple: D:4-7

Altars:

Annotations:
D:3 Grinder; cireshan's ghost, average DECj


Innate Abilities, Weirdness & Mutations

You have a beak for a mouth.
You have claws for feet.
You can fly.


Message History

The phantom is moderately damaged.
The phantom blinks!
Casting: Flame Tongue
Confirm with . or Enter, or press ? or * to list all spells.
You don't have enough magic to cast that spell.
Unknown command.
You hit the orc.
You kill the orc!
You closely miss the orc priest.
The orc priest hits you with a falchion.
* * * LOW HITPOINT WARNING * * *
Casting: Flame Tongue
Confirm with . or Enter, or press ? or * to list all spells.
Aiming: Flame Tongue
Press: ? - help, Shift-Dir - straight line, f - orc priest, p - phantom
Aim: an orc priest, wielding a falchion and wearing a leather armour The flame tongue hits the orc priest.
The orc priest is heavily wounded.
The orc priest hits you with a falchion.
You die...

#........#
#######........########
#>..o.'........'.......
#(#####........########
#.# ########## #o# .#.#
#### #.#.############
### . ...#
#.#...)o@...((W. ....
..##.####<#.############
#### ....<.....#.#
.###........# +.(......#
#........# #........#
##########


You could see a phantom and an orc priest.

Vanquished Creatures
  A giant frog (D:4)
  2 hounds (D:4)
  An orc wizard (D:3)
  A hound skeleton (D:4)
  7 adders
  3 worms (D:2)
  An adder skeleton (D:4)
  A giant gecko (D:2)
  5 orcs
  7 goblins
  5 hobgoblins (D:1)
  11 kobolds
  11 bats
  4 giant cockroaches
  6 giant newts
  10 jackals
  5 rats
81 creatures vanquished.

Notes
Turn   | Place    | Note
--------------------------------------------------------------
     0 | D:1      | kae the Tengu Fire Elementalist began the quest for the Orb.
     0 | D:1      | Reached XP level 1. HP: 10/10 MP: 4/4
   114 | D:1      | Reached XP level 2. HP: 10/15 MP: 0/6
   124 | D:1      | Reached skill level 4 in Fire Magic
   440 | D:1      | Reached XP level 3. HP: 15/19 MP: 7/7
   799 | D:2      | Reached skill level 5 in Fire Magic
   976 | D:2      | Reached XP level 4. HP: 24/24 MP: 4/8
  1013 | D:2      | Learned a level 2 spell: Throw Flame
  1017 | D:2      | Learned a level 3 spell: Conjure Flame
  1763 | D:3      | Noticed Grinder
  2009 | D:3      | Reached skill level 6 in Fire Magic
  2009 | D:3      | Gained mutation: You can fly. [Tengu growth]
  2009 | D:3      | Reached XP level 5. HP: 28/28 MP: 2/9
  2510 | D:3      | Noticed cireshan's ghost (average DECj)
  2551 | D:4      | Reached skill level 7 in Fire Magic
  2551 | D:4      | Reached XP level 6. HP: 32/32 MP: 7/10
  2790 | D:4      | Noticed a phantom
  2800 | D:4      | HP: 1/32 [orc priest/falchion (3)]
  2801 | D:4      | Slain by an orc priest

Vault maps used:
D:1:      minmay_arrival_five_plusses, hangedman_decor_lopped
D:3:      columned_hall_lemuel, uniq_grinder
D:4:      first_bread, serial_bayou_pond_d

Action                   |  1- 3 |  4- 6 || total
-------------------------+-------+-------++-------
Melee: Unarmed           |    22 |       ||    22
       Short sword       |    37 |    63 ||   100
 Cast: Flame Tongue      |    36 |    49 ||    85
       Throw Flame       |       |     7 ||     7
  Use: Scroll            |       |     7 ||     7
       Potion            |       |     2 ||     2
 Stab: Sleeping          |     1 |     5 ||     6
  Eat: Chunk             |     1 |     7 ||     8
